 Dungeon Crawl Stone Soup version 0.31-a0-507-gbafd7f5274 (webtiles) character file.

Game seed: 2559582688726205627

713 MisterAzrael the Changeling (level 7, -1/52 HPs)
             Began as a White Draconian Shapeshifter on Aug 9, 2023.
             Shot with an arrow by a centaur (15 damage)
             ... on level 5 of the Dungeon.
             The game lasted 00:07:17 (3951 turns).

MisterAzrael the Changeling (DrSh)                  Turns: 3951, Time: 00:07:18

Health: -1/52      AC:  6    Str: 19    XL:     7   Next: 41%
Magic:  7/7        EV: 12    Int:  9    God:
Gold:   249        SH:  0    Dex: 11    Spells: 6/6 levels left

rFire   . .          .
                       - Unarmed
rCold   + . .        (no shield)
rNeg    . . .        (body armour unavailable)
rPois   .            (helmet currently unavailable)
rElec   .            (cloak currently unavailable)
rCorr   .            (gloves currently unavailable)
SInv    .            (boots currently unavailable)
Will    .....        (no amulet)
Stlth   +            (no ring)
HPRegen 0.28/turn    (no ring)
MPRegen 0.10/turn

%: no passive effects
@: beast-form
A: beast (slay +4), breathe frost, AC +6, unfitting armour, cold resistance 1,
cold-blooded
a: Breathe Frost, Begin Untransformation


You were on level 5 of the Dungeon.
You were a hulking beast.
You visited 1 branch of the dungeon, and saw 5 of its levels.
You also visited: Sewer.

You collected 249 gold pieces.

Inventory:

Armour
 o - a +3 kite shield
Jewellery
 i - a ring of fire
 s - a +6 ring of intelligence
Talismans
 b - a beast talisman (active)
 c - a flux talisman
 r - a blade talisman
Wands
 k - a wand of paralysis (5)
Scrolls
 a - a scroll of fear
 e - 2 scrolls of enchant weapon
 g - 2 scrolls of blinking
 l - a scroll of revelation
 m - 3 scrolls of immolation
 n - a scroll of silence
 p - a scroll of teleportation
 q - a scroll of enchant armour
 u - 3 scrolls of identify
Potions
 d - a potion of invisibility {unknown}
 h - 3 potions of resistance
 j - 2 potions of enlightenment
 v - a potion of haste {unknown}


   Skills:
 - Level 1.1 Fighting
 - Level 1.7 Dodging
 + Level 5.9 Unarmed Combat
 * Level 6.1 Shapeshifting


You had 6 spell levels left.
You didn't know any spells.
Your spell library contained the following spells:

 Spells                   Type           Power      Damage    Failure   Level
 Magic Dart               Conj           0%         1d3       38%         1
 Call Imp                 Summ           0%         N/A       52%         2
 Cigotuvi's Dreadful Rot  Necr/Pois/Air  0%         N/A       52%         2
 Sublimation of Blood     Necr           0%         N/A       52%         2
 Wereblood                Tmut           0%         N/A       52%         2
 Ignite Poison            Fire/Tmut/Pois 0%         N/A       77%         3
 Mephitic Cloud           Conj/Pois/Air  0%         N/A       77%         3
 Freezing Cloud           Conj/Ice/Air   0%         6-21      100%        5
 Summon Hydra             Summ           0%         N/A       100%        7


Dungeon Overview and Level Annotations

Branches:
Dungeon (5/15)              Sewer (visited)
 Temple: D:4-7

Altars:

Shops:
D:4 =   D:5 (


Innate Abilities, Weirdness & Mutations

You are a hulking beast.
Your limbs bulge with bestial killing power. (Slay +4)
You can breathe waves of freezing cold which knock back foes.
Your icy white scales are hard. (AC +6)
You cannot fit into any form of body armour.
Your flesh is cold resistant. (rC+)
You are cold-blooded and may be slowed by cold attacks.


Message History

You see here a black bear corpse.
Found Comivugi's Weapon Boutique.
There is an entrance to Comivugi's Weapon Boutique here.
Found a stone staircase leading down.
e - 2 scrolls of enchant weapon (gained 1)
There is a stone staircase leading down here.
A centaur comes into view.
Found 17 gold pieces.
The centaur shouts!
The centaur wields a +0 shortbow.
The centaur shoots an arrow.
The arrow misses you.
The centaur shoots an arrow.
The arrow hits you.
A quokka comes into view.
The centaur shoots an arrow.
The arrow hits you.
You hear a shout!
The centaur shoots an arrow.
The arrow hits you.
The centaur shoots an arrow.
The arrow hits you.
A centaur comes into view.
The centaur shoots an arrow.
The arrow closely misses you.
The centaur wields a +1 orcbow of flaming.
It bursts into flame!
The centaur shoots an arrow.
The arrow barely misses you.
The centaur unwields a +0 shortbow.
The centaur hits you but does no damage.
The centaur completely misses you.
You punch the centaur!
The centaur is heavily wounded.
The quokka bites you.
The centaur shoots an arrow.
The arrow completely misses you. The centaur misses you.
The centaur kicks you but does no damage.
You punch the centaur! You punch the centaur.
The centaur is almost dead.
The centaur shoots an arrow.
The arrow hits you! The arrow burns you. The quokka completely misses you.
The centaur hits you.
* * * LOW HITPOINT WARNING * * *
The centaur kicks you.
* * * LOW HITPOINT WARNING * * *
You are too injured to fight recklessly!
You barely miss the centaur.
The centaur is almost dead.
The centaur shoots an arrow.
The arrow hits you!
You die...

#.## ## ......# #..## #
......# #...## # .....#
##....### # ....#
#.......### ... #..#
#..##.....#
....##..######.#####....
...#...r...##..# ###..
....c..h.......# ##.
#...##$c#####..# ## #
#..# ##.## ### #..#
#..######^. #.##
##..##..... ..
#..#...### ... ###.####
.## #.# ###


You could see 2 centaurs and a quokka.

Vanquished Creatures
  Pargi (Sewer)
  2 black bears (D:5)
  An ice beast (D:5)
  A kobold brigand (D:4)
  An iguana (D:4)
  2 orc wizards
  A gnoll (D:1)
  6 adders
  2 ufetubi
  2 dart slugs
  11 orcs
  6 endoplasms
  7 giant cockroaches
  4 goblins
  11 hobgoblins
  3 jackals (D:3)
  4 quokkas
  10 ball pythons
  9 bats
  6 frilled lizards
  13 kobolds
  8 rats
111 creatures vanquished.

Notes
Turn   | Place    | Note
-------+----------+-------------------------------------------
     0 | D:1      | MisterAzrael the Draconian Shapeshifter began the quest for
                  | the Orb.
     0 | D:1      | Reached XP level 1. HP: 16/16 MP: 1/1
    91 | D:1      | Reached XP level 2. HP: 23/23 MP: 2/2
   222 | D:1      | Upgraded the game from 0.31-a0-496-g6f97920a28 to
                  | 0.31-a0-507-gbafd7f5274
   416 | D:1      | Reached XP level 3. HP: 28/28 MP: 3/3
  1090 | D:2      | Reached XP level 4. HP: 29/35 MP: 4/4
  1251 | D:2      | Found a faded altar of an unknown god.
  1882 | D:3      | Reached skill level 4 in Shapeshifting
  2134 | D:3      | Reached XP level 5. HP: 40/40 MP: 5/5
  2677 | D:4      | Found Kadwokh's Jewellery Emporium.
  2856 | D:4      | Reached XP level 6. HP: 26/47 MP: 6/6
  3014 | D:4      | Reached skill level 5 in Unarmed Combat
  3107 | D:4      | Reached skill level 5 in Shapeshifting
  3118 | D:4      | Found a glowing drain.
  3135 | Sewer    | Entered a sewer
  3138 | Sewer    | Noticed Pargi
  3151 | Sewer    | Killed Pargi
  3437 | D:5      | Entered Level 5 of the Dungeon
  3469 | D:5      | Your scales start taking on an icy white colour.
  3469 | D:5      | Reached XP level 7. HP: 41/52 MP: 7/7
  3469 | D:5      | Gained mutation: Your flesh is cold resistant. (rC+) [White
                  | Draconian growth]
  3866 | D:5      | Reached skill level 6 in Shapeshifting
  3876 | D:5      | Found Comivugi's Weapon Boutique.
  3951 | D:5      | Shot with an arrow by a centaur

Illustrated notes

Levels and vault maps discovered:
D:1:      dpeg_arrival_rooms_a, layout_basic, hex_large, minmay_tetromino_i4
D:2:      layout_rooms, basic_ecumenical_altar, minmay_split_cup_small
D:3:      layout_basic, serial_curves, eino_curves_02, eino_curves_02,
          st_stairs_11, hangedman_abyss_or_decor_lesser_grid
D:4:      cheibrodos_thug_alley, layout_rooms, serial_shops,
          nicolae_shop_pleasant_corner_grove, portal_sewer_entry_f,
          corexii_shack
D:5:      layout_layer_cave, serial_shops, shop, uniq_grinder

Skill      XL: |  1  2  3  4  5  6  7 |
---------------+----------------------+-----
Unarmed Combat | 4 5 |  5.9
Shapeshifting  | 4 5 6 |  6.1
Fighting       | |  1.1
Dodging        | |  1.7

Action                     |  1- 3 |  4- 6 |  7- 9 || total
---------------------------+-------+-------+-------++-------
  Melee: Unarmed           |    79 |   182 |    18 ||   279
         Tailslap          |     8 |    19 |     3 ||    30
         Punch             |     1 |     7 |     1 ||     9
Ability: Breathe Frost     |       |       |     1 ||     1
    Use: Scroll            |       |    12 |       ||    12
         Potion            |       |     7 |       ||     7
   Stab: Sleeping          |       |     1 |       ||     1
 Armour: Skin              |    36 |    77 |     9 ||   122
  Dodge: Dodged            |    49 |   113 |    24 ||   186

Table legend: (Time is in decaauts)
 A = Elapsed time spent in this place.
 B = Non-inter-level travel time spent in this place.
 C = Inter-level travel time spent in this place.
 D = Time resting spent in this place.
 E = Time spent auto-exploring this place.
 F = Levels seen in this place.
 G = Mean time per level.
                   A        B        C        D        E       F      G
               +--------+--------+--------+--------+--------+-----+--------+
         Total |   3938 |   3887 |     51 |    768 |   2414 |   6 |  656.3 |
       Dungeon |   3708 |   3657 |     51 |    696 |   2315 |   5 |  741.6 |
         Sewer |    230 |    230 |      0 |     72 |     99 |   1 |  230.0 |
               +--------+--------+--------+--------+--------+-----+--------+

Top non-repeatable levels by time:
     D:2: 905 daAuts
     D:1: 887 daAuts
     D:4: 703 daAuts
     D:3: 700 daAuts
     D:5: 511 daAuts
   Sewer: 230 daAuts
